[Event "Schack-SM 2023: Sverigemastarklassen"]
[Site "Helsingborg Arena, Mellersta Stenbocksgatan 14, Helsingborg, Sweden"]
[Date "2023.07.03"]
[Round "3.2"]
[White "Kucuksari, Kaan"]
[Black "Olsson, William"]
[Result "1-0"]
[TimeControl "90 minutes for 40 moves + 30 minutes for the rest of the game + 30 seconds per move from move one."]
[WhiteTitle "IM"]
[BlackTitle "FM"]
[WhiteElo "2512"]
[BlackElo "2383"]

1. d4 d5 2. c4 c6 3. cxd5 cxd5 4. Nc3 Nf6 5. Bf4 Nc6 6. e3 Bf5 7. Qb3 Na5 8.
Qa4+ Bd7 9. Qc2 Rc8 10. Bd3 e6 11. Nf3 Be7 12. O-O Nc4 13. h3 O-O 14. Qe2 Qa5 15.
Rfc1 b5 16. Ne5 b4 17. Nxd7 Nxd7 18. Nd1 Ndb6 19. e4 Nd6 20. e5 Nf5 21. Bxf5 exf5 22. Ne3 g6 23. Bh6 Rfe8 24. Rxc8 Rxc8 25. e6 Rc6 26. Nxf5 gxf5 27. Qe5 1-0

[Event "Schack-SM 2023: Mastarklassen-elit"]
[Site "Helsingborg Arena, Mellersta Stenbocksgatan 14, Helsingborg, Sweden"]
[Date "2023.07.03"]
[Round "3.1"]
[White "Lokander, Martin"]
[Black "Torngren, Gustav"]
[Result "1-0"]
[TimeControl "90 minutes for 40 moves + 30 minutes for the rest of games + 30 seconds per move from move one."]
[WhiteTitle "IM"]
[BlackTitle "FM"]
[WhiteElo "2444"]
[BlackElo "2297"]

1. Nf3 d5 2. c4 c6 3. d4 Nf6 4. e3 e6 5. Nbd2 Nbd7 6. Bd3 Bd6 7. O-O O-O 8. e4 dxe4 9. Nxe4 Nxe4 10.
Bxe4 f5 11. Bc2 e5 12. c5 Bb8 13. Bb3+ Kh8 14. Ng5 Qe8 15. Re1 e4 16. f3 Qh5 17. g3 Nf6 18. fxe4 Ng4 19. Qe2 fxe4 20.
Be3 h6 21. Rf1 Bf5 22. Ne6 Rf6 23. Nf4 Bxf4 24. Bxf4 Qh3 25. Be5 Rff8 26. Bd6 Rf6 27. Be5 Rff8 28. Bd6 Rf6 29. Be7 Rg6 30.
Bf7 Re6 31. Rxf5 Nxh2 32. Bxe6 Qxg3+ 33. Qg2 Nf3+ 34. Kh1 Qh4+ 35. Bxh4 1-0

[Event "Schack-SM 2023: Junior-SM"]
[Site "Helsingborg Arena, Mellersta Stenbocksgatan 14, Helsingborg, Sweden"]
[Date "2023.07.03"]
[Round "3.4"]
[White "Seo, Jung Hyun"]
[Black "Joensson, Oscar"]
[Result "1-0"]
[TimeControl "90 minutes for 40 moves + 30 minutes for the rest of the game + 30 seconds per move from move one."]
[WhiteElo "2124"]
[BlackElo "2077"]

1. e4 c6 2. d4 d5 3. e5 c5 4. dxc5 e6 5. a3 Bxc5 6. b4 Be7 7. Nf3 a5 8. b5 Nd7 9. Be2 Qc7 10.
Bb2 Nh6 11. O-O O-O 12. Re1 f6 13. c4 fxe5 14. cxd5 e4 15. Nd4 Nc5 16. Nc3 Qf4 17. Rf1 e5 18. Ne6 Nxe6 19. dxe6 Bxe6 20.
Nd5 Qf7 21. Nxe7+ Qxe7 22. Qa4 e3 23. fxe3 Qg5 24. Qe4 Nf5 25. Bg4 Rae8 26. Rae1 Bc8 27. Bxe5 Rxe5 28. Qxe5 Qxg4 29. e4 Nh6 30. Rxf8+ Kxf8 31. Rf1+ Nf7 32.
Qc7 Qd7 33. Qc5+ Ke8 34. Rc1 Nd6 35. e5 Nxb5 36. Qxc8+ Qxc8 37. Rxc8+ Kd7 38. Rc5 Nxa3 39. Rxa5 Nc4 40. Rc5 Ne3 41. Rb5 Kc6 42. e6 Nc4 43.
Rb4 Nd6 44. Rd4 Nf5 45. Rd3 b5 46. Kf2 b4 47. Kf3 b3 48. Kf4 b2 49. Rb3 Nd4 50. Rxb2 Nxe6+ 51. Ke5 Kd7 52. Rb7+ Nc7 53.
g4 Kc6 54. Rxc7+ 1-0

[Event "Schack-SM 2023: Veteran-SM 65+"]
[Site "Helsingborg Arena, Mellersta Stenbocksgatan 14, Helsingborg, Sweden"]
[Date "2023.07.03"]
[Round "3.4"]
[White "Carlsson, Ingvar"]
[Black "Franzen Hogberg, Thomas"]
[Result "1/2-1/2"]
[TimeControl "90 minutes for 40 moves + 30 minutes for the rest of games + 30 seconds per move from move one."]
[WhiteElo "1998"]
[BlackElo "1998"]

1. e4 g6 2. d4 Bg7 3. Be3 d6 4. Nc3 Nc6 5. h3 e5 6. Nf3 a6 7. Bc4 b5 8. Bb3 Bb7 9. O-O exd4 10.
Nxd4 Nf6 11. Nxc6 Bxc6 12. Re1 1/2-1/2

[Event "Schack-SM 2023: Veteran-SM 50+"]
[Site "Helsingborg Arena, Mellersta Stenbocksgatan 14, Helsingborg, Sweden"]
[Date "2023.07.03"]
[Round "3.4"]
[White "Gamback, Bjorn"]
[Black "Andersson, Bjorn 1961"]
[Result "1/2-1/2"]
[TimeControl "90 minutes for 40 moves + 30 minutes for the rest of games + 30 seconds per move from move one."]
[WhiteTitle "CM"]
[WhiteElo "2048"]
[BlackElo "1791"]

1. Nf3 d5 2. c4 Nf6 3. cxd5 Nxd5 4. e4 Nf6 5. Nc3 e6 6. d4 Be7 7. Bd3 c5 8. h3 Nc6 9. Be3 cxd4 10.
Nxd4 Nxd4 11. Bxd4 O-O 12. e5 Nd5 13. O-O Nb4 14. Be4 Nc6 15. Ne2 Qa5 16. Bxc6 bxc6 17. Qc2 Ba6 18. Rfd1 Rfd8 19.
Nc3 c5 20. Be3 Bb7 21. Ne4 Bxe4 22. Qxe4 Rab8 23. b3 Qa6 24. Qc2 Qc6 25. Rac1 Rxd1+ 26. Rxd1 Rc8 27. Qd3 h6 28. Qd7 Qc7 29.
f4 g6 30. Qb5 Bf8 31. Rd7 Qb6 32. Qd3 a6 33. Kh2 Qb5 34. Qd2 c4 35. bxc4 Qxc4 36. Ra7 Qc6 37. Qd3 Qb5 38. Qe4 Qc6 39.
Qd4 Qb5 40. a4 Qc6 41. a5 Bc5 42. Qxc5 Qxc5 43. Bxc5 Rxc5 44. Rxa6 g5 45. Kg3 Kg7 46. h4 Kg6 47. hxg5 hxg5 48.
Kg4 gxf4 49. Kxf4 Rc4+ 50. Kf3 Kf5 51. Ra7 Rc3+ 52. Kf2 Kg6 53. a6 Ra3 54. g3 Kg7 55. Kg2 Ra5 56. Kf3 Rxe5 57.
Rb7 Ra5 58. a7 Ra4 59. Ke3 e5 60. g4 Kf6 61. Kd3 Kg6 62. g5 f5 63. gxf6 Kxf6 64. Kc3 Kf5 65. Kb3 Ra6 66. Kc4 Ke4 67.
Re7 Ra1 68. Kc5 Kf4 69. Kd5 Ra5+ 70. Kc6 e4 71. Kb6 Ra1 72. Kb7 Rb1+ 73. Kc8 Ra1 74. Kb8 e3 75. a8=Q Rxa8+ 76. Kxa8 Kf3 77.
Kb7 e2 78. Kc6 Kf2 79. Rf7+ Kg2 80. Rg7+ Kf2 81. Re7 e1=Q 82. Rxe1 Kxe1 83. Kd5 1/2-1/2

[Event "Schack-SM 2023: Sverigemastarklassen"]
[Site "Helsingborg Arena, Mellersta Stenbocksgatan 14, Helsingborg, Sweden"]
[Date "2023.07.03"]
[Round "3.3"]
[White "Hillarp Persson, Tiger"]
[Black "Ernst, Thomas"]
[Result "0-1"]
[TimeControl "90 minutes for 40 moves + 30 minutes for the rest of the game + 30 seconds per move from move one."]
[WhiteTitle "GM"]
[BlackTitle "GM"]
[WhiteElo "2493"]
[BlackElo "2288"]

1. Nf3 c5 2. e4 d6 3. d4 cxd4 4. Qxd4 Nf6 5. Be2 Nc6 6. Qe3 g6 7. O-O Bg7 8. Rd1 O-O 9. h3 Qc7 10.
Nc3 a6 11. a3 b5 12. Bd2 Bb7 13. a4 b4 14. Nd5 Nxd5 15. exd5 Na5 16. Bxb4 Nc4 17. Qb3 Nxb2 18. Rdc1 Rab8 19. c3 a5 20. Ba3 Ba6 21. Qc2 Bxe2 22. Qxe2 Nxa4 23. Bxd6 Nxc3 24.
Qxe7 Qxe7 25. Bxe7 Ne2+ 26. Kh2 Nxc1 27. Rxc1 Rfe8 28. Rc7 a4 29. d6 a3 30. Ra7 Ra8 31. d7 Reb8 32. Rxa8 Rxa8 33. Bxa3 Rd8 34. h4 Rxd7 35. Bc5 Rd5 36. Be3 Bf8 37. g3 Bc5 38. Bxc5 Rxc5 39. Kg2 h6 40. Nh2 Rc4 41. Kf3 Kg7 42. Ng4 Rb4 43. Ne3 Ra4 44. Ng4 f5 45. Ne3 Kf6 46. Kg2 Ke5 47. Nf1 f4 48. Nh2 Kf5 49. g4+ Ke4 50. Nf3 Ra2 51. Nh2 h5 52. gxh5 gxh5 53. Nf3 Kf5 54. Ne1 Kg4 0-1

[Event "Schack-SM 2023: Mastarklassen-elit"]
[Site "Helsingborg Arena, Mellersta Stenbocksgatan 14, Helsingborg, Sweden"]
[Date "2023.07.03"]
[Round "3.2"]
[White "Soderstrom, Adrian"]
[Black "Lindberg, Bengt"]
[Result "1-0"]
[TimeControl "90 minutes for 40 moves + 30 minutes for the rest of games + 30 seconds per move from move one."]
[WhiteTitle "FM"]
[BlackTitle "IM"]
[WhiteElo "2311"]
[BlackElo "2353"]

1. d4 Nf6 2. c4 e6 3. g3 d5 4. Bg2 Be7 5. Nf3 O-O 6. O-O dxc4 7. Qc2 a6 8. a4 Bd7 9. Qxc4 Bc6 10.
Bf4 a5 11. Nc3 Na6 12. Rac1 Nb4 13. Ne5 Bxg2 14. Kxg2 Nfd5 15. Nxd5 Nxd5 16. Bd2 c6 17. Rfd1 Nb6 18. Qb3 Qd5+ 19.
Qxd5 Nxd5 20. Nc4 Bb4 21. e4 Bxd2 22. Rxd2 Nb4 23. Rc3 Rfb8 24. Ne5 Rd8 25. Kf1 f6 26. Nc4 Ra6 27. Rb3 b6 28.
Ke2 Rb8 29. Ne3 b5 30. axb5 cxb5 31. d5 exd5 32. exd5 Rd8 33. Rc3 Rd7 34. Rc8+ Kf7 35. Rb8 Na2 36. Rxb5 a4 37. Rc2 a3 38.
bxa3 Rxa3 39. Rbc5 Nb4 40. Rc7 Ra7 41. Rxa7 Rxa7 42. Rb2 Ra4 43. Rd2 Ra8 44. Kf3 g6 45. Rd4 Rb8 46. Rc4 Rb7 47.
Ke4 Na6 48. Kd4 Nb8 49. Ra4 Nd7 50. Nc4 Rb1 51. Ra2 h5 52. Rd2 Rh1 53. d6 Rc1 54. Kd5 Nf8 55. Ra2 Nd7 56. Re2 Nf8 57.
Re7+ Kg8 58. d7 Nxd7 59. Rxd7 Rc2 60. f4 Rxh2 61. Ke6 h4 62. Kxf6 hxg3 63. Ne5 Ra2 64. Rg7+ Kf8 65. Nxg6+ Ke8 66.
Rg8+ Kd7 67. Ne5+ Kd6 68. Rxg3 Rf2 69. Rd3+ Kc5 70. f5 1-0

[Event "Schack-SM 2023: Junior-SM"]
[Site "Helsingborg Arena, Mellersta Stenbocksgatan 14, Helsingborg, Sweden"]
[Date "2023.07.03"]
[Round "3.5"]
[White "Strom-Engdahl, Alexander"]
[Black "Lindholm, Gustav"]
[Result "1/2-1/2"]
[TimeControl "90 minutes for 40 moves + 30 minutes for the rest of the game + 30 seconds per move from move one."]
[WhiteElo "2120"]
[BlackElo "2155"]

1. e4 c5 2. Nf3 d6 3. Bb5+ Nd7 4. a4 a6 5. Be2 Ngf6 6. Nc3 g6 7. O-O Bg7 8. a5 e5 9. d3 Nf8 10.
Nd5 Nxd5 11. exd5 f5 12. Nd2 b5 13. axb6 Nd7 14. Nb3 Nxb6 15. c4 O-O 16. Na5 g5 17. b4 g4 18. bxc5 dxc5 19.
Bb2 Qh4 20. f3 g3 21. hxg3 Qxg3 22. Qe1 Qf4 23. Nc6 Qg5 24. f4 exf4 25. Bxg7 Qxg7 26. Qf2 Re8 27. Bh5 Re3 28. Qxf4 Rg3 29.
Ra2 Bd7 30. Ne7+ Kh8 31. Qd6 Nc8 32. Nxc8 Rxc8 33. Bf7 Rf8 34. Be6 Bxe6 35. dxe6 Rg6 36. Qd5 f4 37. Re2 Qe7 38. Qe5+ Kg8 39.
Rxf4 Rxf4 40. Qxf4 Rxe6 41. Qg4+ Kf7 42. Qf5+ Qf6 43. Qxh7+ Ke8 44. Qh5+ Kd7 45. Qd5+ Rd6 46. Qb7+ Kd8 47.
Qb8+ Kd7 48. Qe8+ Kc7 49. Qe3 Qd4 50. Qxd4 Rxd4 51. Rd2 Kb6 52. Kf2 Ka5 53. Ke2 Kb4 54. Ra2 Rd6 55. Kd2 Kb3 56.
Ra1 Rg6 57. g4 Rxg4 58. Rxa6 Rg2+ 59. Ke3 Rg4 60. Rc6 Kc3 61. Rxc5 Rg3 62. Ke4 Rxd3 63. Rd5 Rh3 64. c5 Kc4 65.
Rf5 Rh4 66. Ke3 Rh8 67. c6 Rc8 68. Rf1 Rxc6 69. Rc1+ Kb5 70. Rxc6 Kxc6 1/2-1/2

[Event "Schack-SM 2023: Veteran-SM 65+"]
[Site "Helsingborg Arena, Mellersta Stenbocksgatan 14, Helsingborg, Sweden"]
[Date "2023.07.03"]
[Round "3.5"]
[White "Wedin, Svante"]
[Black "Holst, Conny"]
[Result "0-1"]
[TimeControl "90 minutes for 40 moves + 30 minutes for the rest of games + 30 seconds per move from move one."]
[BlackTitle "FM"]
[WhiteElo "1932"]
[BlackElo "2156"]

1. e4 c5 2. Nf3 d6 3. d4 cxd4 4. Nxd4 Nf6 5. Nc3 Nc6 6. Bc4 Bd7 7. Bb3 g6 8. f3 Nxd4 9. Qxd4 Bg7 10.
Be3 Qa5 11. O-O O-O 12. Qd2 Rfc8 13. Rad1 b5 14. Bh6 b4 15. Bxg7 Kxg7 16. Ne2 Qc5+ 17. Kh1 a5 18. c3 Bb5 19.
cxb4 Qxb4 20. Qxb4 axb4 21. Rd2 Bc4 22. Bxc4 Rxc4 23. b3 Rc5 24. Nf4 Rac8 25. g3 g5 26. Nd3 Rb5 27. Rff2 g4 28.
Kg2 gxf3+ 29. Kxf3 Rc3 30. Rfe2 Nd7 31. Kg2 Ne5 32. Nf4 Rc7 33. Nd5 Rcb7 34. Rc2 e6 35. Nf4 Rc5 36. Rcd2 Rb6 37.
h3 Kf6 38. Re1 Ke7 39. Ne2 h5 40. Red1 Ra5 41. Rc1 Rc6 42. Rxc6 Nxc6 43. Rc2 Kd7 44. Kf2 f5 45. exf5 Rxf5+ 46. Kg2 d5 47. Nf4 Re5 48. Re2 Rxe2+ 49. Nxe2 e5 50. Kf3 Ke6 51. g4 hxg4+ 52. hxg4 Kf6 53. Kg3 Kg5 54. Ng1 Nd4 55.
Nh3+ Kf6 56. Nf2 Ne2+ 57. Kf3 Nc3 58. Ke3 Nxa2 59. Nd3 d4+ 60. Kd2 e4 61. Nc5 Nc3 62. g5+ Kf5 63. g6 Kxg6 64.
Ne6 Nb5 65. Nf4+ Kf5 66. Nd5 Kg4 67. Nxb4 Kf3 68. Nc2 Kf2 69. b4 e3+ 70. Kd3 e2 71. Kd2 Na3 0-1

[Event "Schack-SM 2023: Veteran-SM 50+"]
[Site "Helsingborg Arena, Mellersta Stenbocksgatan 14, Helsingborg, Sweden"]
[Date "2023.07.03"]
[Round "3.5"]
[White "Traff, Par"]
[Black "Svensson, Hakan"]
[Result "0-1"]
[TimeControl "90 minutes for 40 moves + 30 minutes for the rest of games + 30 seconds per move from move one."]
[WhiteElo "1791"]
[BlackElo "2054"]

1. d4 d5 2. Nf3 Nf6 3. e3 Bg4 4. Be2 Nbd7 5. Nbd2 e6 6. O-O Bd6 7. b3 Ne4 8. Bb2 Nxd2 9. Nxd2 Bxe2 10.
Qxe2 O-O 11. f4 f5 12. c4 c6 13. cxd5 cxd5 14. a4 Qe7 15. Nf3 Nf6 16. Ne5 Ne4 17. Rfc1 Rfc8 18. Rc2 a6 19.
Rac1 Qe8 20. Nd3 b6 21. g3 h6 22. b4 g5 23. Kh1 Rxc2 24. Qxc2 Qh5 25. Qg2 Kh7 26. Nf2 Nd2 27. g4 Qh4 28.
Rc6 Nc4 29. Bc1 fxg4 30. Nxg4 gxf4 31. Ne5 Rg8 32. Qc2+ Kh8 33. Ng6+ Rxg6 34. Qxg6 Qe1+ 35. Qg1 Qxg1+ 36. Kxg1 fxe3 37.
Bxe3 Kg7 38. Bf2 Kf7 39. Be1 Kf6 40. b5 axb5 41. axb5 Kf5 42. Bg3 Bb4 43. Bf2 Ba5 44. Rc8 Na3 45.
Rh8 Kg6 46. Rf8 Nxb5 47. Rf3 Nd6 48. Kf1 Nf5 49. Ke2 b5 50. Ra3 Bc7 51. Rb3 Bxh2 52. Rxb5 Bg3 53. Rb4 Bxf2 54. Kxf2 Kg5 55.
Kf3 h5 56. Ra4 h4 57. Kg2 Kf4 58. Kh3 Ke4 59. Rb4 Nxd4 60. Kxh4 Ke3 61. Kg3 e5 62. Kg2 e4 63. Kf1 Kd3 64.
Ra4 Nc2 65. Ra8 e3 66. Re8 Kd2 0-1

[Event "Schack-SM 2023: Sverigemastarklassen"]
[Site "Helsingborg Arena, Mellersta Stenbocksgatan 14, Helsingborg, Sweden"]
[Date "2023.07.03"]
[Round "3.4"]
[White "Johansson, Linus"]
[Black "Seo, Jung Min"]
[Result "0-1"]
[TimeControl "90 minutes for 40 moves + 30 minutes for the rest of the game + 30 seconds per move from move one."]
[WhiteTitle "IM"]
[BlackTitle "IM"]
[WhiteElo "2466"]
[BlackElo "2469"]

1. d4 d5 2. c4 dxc4 3. e3 Nf6 4. Bxc4 e6 5. Nf3 c5 6. O-O a6 7. Nbd2 b5 8. Be2 Bb7 9. a4 b4 10.
b3 Nbd7 11. Bb2 Be7 12. a5 O-O 13. Nc4 Rc8 14. Nfe5 Bd5 15. Bf3 cxd4 16. Bxd4 Nxe5 17. Bxe5 Bxc4 18. bxc4 Rxc4 19. Qe2 Rc5 20. Rfd1 Qc8 21. Bd4 Rc7 22. Bb6 Rc2 23. Qd3 Rc3 24. Qd4 Rc4 25. Qd3 Rc3 26. Qd4 h6 27.
g3 Re8 28. Bg2 Rc2 29. h3 Nd5 30. Bxd5 Bf6 31. Qxb4 Bxa1 32. Be4 Rc1 33. Qe1 Bc3 34. Qf1 Rxd1 35. Qxd1 Rf8 36. Qd6 Qb8 37.
Qe7 Bf6 38. Qd7 Qc8 39. Qd6 Re8 40. Bd3 Be7 41. Qd4 Bf6 42. Qe4 g6 43. h4 h5 44. g4 Qa8 45. Qf4 Bg7 46. gxh5 gxh5 47.
Qg5 Rc8 48. Bd4 Rc1+ 49. Bf1 Qf8 50. e4 Re1 51. Bf6 Rxe4 52. f3 Re1 53. Kf2 Rd1 54. Bc4 Rd7 55. Ke2 Rd6 56. f4 Rc6 57.
Bd3 Rc5 58. Qg2 Rxa5 59. Qg3 Rd5 60. Bxa6 Kh8 61. Bg5 Qb4 62. Bd3 Qb2+ 63. Kd1 Ra5 64. Bc2 Ra1+ 65. Kd2 Qc1+ 66. Kd3 Qa3+ 0-1

[Event "Schack-SM 2023: Mastarklassen-elit"]
[Site "Helsingborg Arena, Mellersta Stenbocksgatan 14, Helsingborg, Sweden"]
[Date "2023.07.03"]
[Round "3.3"]
[White "Wiedenkeller, Michael"]
[Black "Olund, Joar"]
[Result "1/2-1/2"]
[TimeControl "90 minutes for 40 moves + 30 minutes for the rest of games + 30 seconds per move from move one."]
[WhiteTitle "IM"]
[BlackTitle "FM"]
[WhiteElo "2445"]
[BlackElo "2399"]

1. d4 d5 2. c4 dxc4 3. e3 Nf6 4. Bxc4 e6 5. Nf3 a6 6.
O-O c5 7. dxc5 Bxc5 8. Qxd8+ Kxd8 9. Nbd2 Ke7 10. Be2 Nc6 11. b3 h6 12. Bb2 b6 13. a3 Bb7 14. b4 Bd6 15. Nc4 Bc7 16. Nd4 b5 17. Nxc6+ Bxc6 18. Ne5 Bd5 19. f3 Bb6 20. Kf2 Bb7 21. Rac1 Nd5 22. Bd4 Bxd4 23. exd4 a5 24. Bxb5 axb4 25. axb4 Rhc8 26. Bc4 f6 27. Bxd5 Bxd5 28. Nd3 Bc4 29. Rfd1 Bxd3 30. Rxc8 Rxc8 31. Rxd3 Rc2+ 32. Kg3 1/2-1/2

[Event "Schack-SM 2023: Mastarklassen"]
[Site "Helsingborg Arena, Mellersta Stenbocksgatan 14, Helsingborg, Sweden"]
[Date "2023.07.03"]
[Round "3.1"]
[White "Nilsson, Patrik 1978"]
[Black "Lundin, Jan"]
[Result "0-1"]
[TimeControl "90 minutes for 40 moves + 30 minutes for the rest of games + 30 seconds per move from move one."]
[BlackTitle "FM"]
[WhiteElo "2167"]
[BlackElo "2203"]

1. d4 Nf6 2. Bf4 c5 3. d5 d6 4. Nc3 a6 5. a4 e5 6. Bd2 e4 7. Bf4 g6 8. e3 Bg7 9. Be2 O-O 10.
h4 h5 11. Nh3 Re8 12. Ng5 Bf5 13. Qd2 Qc7 14. O-O Nbd7 15. f3 exf3 16. Bxf3 Ne5 17. e4 Bd7 18. Bxe5 Rxe5 19. Be2 Re7 20.
Qf4 Rf8 21. Rae1 Bg4 22. Nd1 Bxe2 23. Rxe2 Ng4 24. Nf3 Rfe8 25. c3 Bh6 26. Qg3 Rxe4 27. Rxe4 Rxe4 28. Ng5 Bxg5 29. hxg5 Qe7 30.
b3 Qe5 31. Qxe5 Rxe5 32. c4 Rxg5 0-1

[Event "Schack-SM 2023: Veteran-SM 65+"]
[Site "Helsingborg Arena, Mellersta Stenbocksgatan 14, Helsingborg, Sweden"]
[Date "2023.07.03"]
[Round "3.6"]
[White "Hedin, Gunnar"]
[Black "Vrabec, Josip"]
[Result "1-0"]
[TimeControl "90 minutes for 40 moves + 30 minutes for the rest of games + 30 seconds per move from move one."]
[WhiteElo "2093"]
[BlackElo "1877"]

1. d4 Nf6 2. c4 g6 3. Nc3 Bg7 4. e4 d6 5. h3 O-O 6. Bg5 Nbd7 7. Nf3 c6 8. Be2 e5 9. d5 h6 10.
Be3 c5 11. g4 Nh7 12. Qd2 g5 13. h4 f6 14. a3 a6 15. b4 b6 16. Rb1 Rf7 17. h5 Nhf8 18. Nh2 Nb8 19. bxc5 bxc5 20.
Na4 Rb7 21. Rxb7 Bxb7 22. O-O Nbd7 23. Rb1 Bc8 24. Nf1 Rb8 25. Rxb8 Nxb8 26. Ng3 Nfd7 27. Bd1 Qc7 28. Qb2 Qb7 29.
Qxb7 Bxb7 30. Nf5 Bf8 31. Bd2 a5 32. Bxa5 Na6 33. Nb6 Nxb6 34. Bxb6 Bc8 35. Ba4 Kf7 36. Bb5 Nb8 37. Kf1 Bxf5 38.
gxf5 Ke7 39. Bc7 Nd7 40. a4 1-0

[Event "Schack-SM 2023: Veteran-SM 50+"]
[Site "Helsingborg Arena, Mellersta Stenbocksgatan 14, Helsingborg, Sweden"]
[Date "2023.07.03"]
[Round "3.6"]
[White "Knudsen, Andre"]
[Black "Eriksson, Bengt"]
[Result "0-1"]
[TimeControl "90 minutes for 40 moves + 30 minutes for the rest of games + 30 seconds per move from move one."]
[WhiteElo "1842"]
[BlackElo "2016"]

1. d4 Nf6 2. Bf4 c5 3. e3 Qb6 4.
Nc3 a6 5. Nge2 d6 6. dxc5 dxc5 7. Na4 Qa5+ 8. c3 Nc6 9. b3 e5 10. Bg3 Ne4 11. Bxe5 Nxf2 12. Kxf2 Nxe5 13. Qd5 Qc7 14.
Nb6 Ng4+ 15. Kg1 Qxb6 16. Nf4 c4 17. Qe4+ Be6 18. Nd5 Qc6 19. Bxc4 O-O-O 20. h3 Nxe3 21. Kh2 Bd6+ 22. g3 Bxd5 23.
Bxd5 Nxd5 24. c4 Nf6 25. Qf5+ Kb8 26. Rhe1 g6 27. Qc2 Qf3 28. Rg1 Nh5 29. Qg2 Bxg3+ 30. Kh1 Qxg2+ 31. Kxg2 Rhe8 32. Kf3 Rd3+ 0-1

[Event "Schack-SM 2023: Sverigemastarklassen"]
[Site "Helsingborg Arena, Mellersta Stenbocksgatan 14, Helsingborg, Sweden"]
[Date "2023.07.03"]
[Round "3.5"]
[White "Pantzar, Milton"]
[Black "Blomqvist, Erik"]
[Result "1/2-1/2"]
[TimeControl "90 minutes for 40 moves + 30 minutes for the rest of the game + 30 seconds per move from move one."]
[WhiteTitle "IM"]
[BlackTitle "GM"]
[WhiteElo "2442"]
[BlackElo "2500"]

1. d4 Nf6 2. c4 e6 3. Nf3 d5 4. cxd5 exd5 5. Nc3 Bb4 6. Bg5 h6 7. Bxf6 Qxf6 8. Qa4+ Nc6 9. e3 O-O 10.
Be2 Rd8 11. O-O Bf8 12. Rac1 a6 13. Qb3 Na5 14. Qc2 Nc6 15. Qb3 Na5 16. Qc2 Nc6 17. Qb3 1/2-1/2

[Event "Schack-SM 2023: Mastarklassen-elit"]
[Site "Helsingborg Arena, Mellersta Stenbocksgatan 14, Helsingborg, Sweden"]
[Date "2023.07.03"]
[Round "3.4"]
[White "Lind, Jan-Olov"]
[Black "Thorn, Eric"]
[Result "0-1"]
[TimeControl "90 minutes for 40 moves + 30 minutes for the rest of games + 30 seconds per move from move one."]
[BlackTitle "FM"]
[WhiteElo "2191"]
[BlackElo "2379"]

1. e4 e5 2. Nf3 Nc6 3. Bb5 a6 4. Ba4 Nf6 5. O-O Be7 6. Bxc6 dxc6 7. Re1 Nd7 8. d4 exd4 9. Qxd4 O-O 10.
Bf4 Nc5 11. Qe3 Ne6 12. Bg3 Bc5 13. Qc3 a5 14. Nbd2 Bb4 15. Qe3 Bc5 16. Qc3 f6 17. Rad1 Qe8 18. a3 Qf7 19. Nb3 Bb6 20.
a4 Re8 21. Kh1 Nf8 22. Nfd4 Qh5 23. f3 Kh8 24. Ne2 Ng6 25. Nf4 Qh6 26. Nd3 Qg5 27. Qd2 Qh5 28. Nf4 Nxf4 29. Bxf4 Be6 30.
Be3 Bxb3 31. cxb3 Qf7 32. Bxb6 cxb6 33. Re3 h6 34. Rd3 Kh7 35. Qc2 Re7 36. Qc4 Qh5 37. Rd7 Rae8 38. Rxe7 Rxe7 39.
Qd3 Qe5 40. Qc3 Qe6 41. Qd3 f5 42. Re1 Rd7 43. Qc2 Qe5 44. h3 f4 45. Re2 b5 46. Rd2 Rxd2 47. Qxd2 bxa4 48. bxa4 b5 49.
b3 bxa4 50. bxa4 Qa1+ 51. Kh2 Qxa4 52. Qxf4 Qb5 53. e5 Qd5 54. Qf5+ Kg8 55. f4 a4 56. Qc8+ Kh7 57. e6 Qe4 58.
f5 a3 59. Qe8 Qxf5 60. Qxc6 a2 61. Qa6 Qe5+ 62. g3 a1=Q 0-1

[Event "Schack-SM 2023: Mastarklassen"]
[Site "Helsingborg Arena, Mellersta Stenbocksgatan 14, Helsingborg, Sweden"]
[Date "2023.07.03"]
[Round "3.2"]
[White "Franzen, Per-Erik"]
[Black "Mardell, Jimmy"]
[Result "1/2-1/2"]
[TimeControl "90 minutes for 40 moves + 30 minutes for the rest of games + 30 seconds per move from move one."]
[WhiteElo "2025"]
[BlackElo "2160"]

1. d4 d5 2. Nf3 Nf6 3. c4 c6 4. e3 Bf5 5. Bd3 Bxd3 6. Qxd3 e6 7. O-O Be7 8. b3 O-O 9. Bb2 Nbd7 10.
Nbd2 a5 11. Rfd1 a4 12. e4 dxe4 13. Nxe4 Nxe4 14. Qxe4 Nf6 15. Qc2 Qc7 16. Ne5 c5 17. dxc5 Bxc5 18. Nd3 axb3 19. axb3 Rxa1 20.
Bxa1 Be7 21. Be5 Qc6 22. Qe2 h6 23. h3 Ra8 24. Bc3 Qe4 25. Kf1 Ra3 26. Rb1 Qf5 27. Qd1 Ne4 28. Be1 Ra2 29.
Rb2 Rxb2 30. Nxb2 Nc5 31. Bc3 Ne4 32. Be1 Qe5 33. Qe2 Qd4 34. Nd1 Bc5 35. Ne3 Qf6 36. Kg1 Bxe3 37. Qxe3 Qf5 38.
Bb4 h5 39. Be7 g6 40. g3 Kh7 41. Kg2 1/2-1/2

[Event "Schack-SM 2023: Mastarklassen-elit"]
[Site "Helsingborg Arena, Mellersta Stenbocksgatan 14, Helsingborg, Sweden"]
[Date "2023.07.03"]
[Round "3.5"]
[White "Crevatin, Leo"]
[Black "Walinder, Lars"]
[Result "1/2-1/2"]
[TimeControl "90 minutes for 40 moves + 30 minutes for the rest of games + 30 seconds per move from move one."]
[WhiteTitle "FM"]
[BlackTitle "FM"]
[WhiteElo "2265"]
[BlackElo "2310"]

1. d4 Nf6 2. c4 e6 3. g3 Bb4+ 4. Bd2 Be7 5. Bg2 d5 6. Nf3 O-O 7. Qc2 c6 8. h4 Nbd7 9. Nc3 b6 10.
e4 dxe4 11. Nxe4 Bb7 12. Ne5 Qc8 13. Nxd7 Qxd7 14. Bc3 c5 15. dxc5 Nxe4 16. Bxe4 Bxe4 17. Qxe4 Bxc5 18. Rd1 Qe7 19.
O-O Rad8 20. Qf3 h6 21. b3 a5 22. Rxd8 Rxd8 23. Rd1 Rxd1+ 24. Qxd1 e5 25. Kg2 Bd4 26. Bxd4 Qd7 27. Qf3 Qxd4 28.
h5 1/2-1/2

[Event "Schack-SM 2023: Mastarklassen"]
[Site "Helsingborg Arena, Mellersta Stenbocksgatan 14, Helsingborg, Sweden"]
[Date "2023.07.03"]
[Round "3.3"]
[White "Nygren, David"]
[Black "Sundin, Emanuel"]
[Result "1-0"]
[TimeControl "90 minutes for 40 moves + 30 minutes for the rest of games + 30 seconds per move from move one."]
[WhiteElo "2157"]
[BlackElo "2103"]

1. e4 c5 2. c3 d5 3. exd5 Nf6 4. Qa4+ Nbd7 5. c4 b5 6. Qxb5 Rb8 7. Qa4 e6 8. dxe6 fxe6 9. Nf3 Bd6 10.
Nc3 O-O 11. Be2 Bb7 12. d3 Ng4 13. Bg5 Qe8 14. Bh4 Bxf3 15. Bxf3 Rxf3 16. gxf3 Nge5 17. O-O-O Qh5 18. Bg3 Qxf3 19.
Nb5 Be7 20. Qc2 Rb6 21. Rhe1 Nc6 22. Qe2 Bg5+ 23. Kb1 Qxe2 24. Rxe2 a6 25. Bc7 Rb7 26. Rxe6 Nb4 27. Re8+ Nf8 28.
Bd6 axb5 29. Rxf8# 1-0

[Event "Schack-SM 2023: Mastarklassen"]
[Site "Helsingborg Arena, Mellersta Stenbocksgatan 14, Helsingborg, Sweden"]
[Date "2023.07.03"]
[Round "3.4"]
[White "Cederstam, Carl"]
[Black "Mashhadi, Peyman"]
[Result "1-0"]
[TimeControl "90 minutes for 40 moves + 30 minutes for the rest of games + 30 seconds per move from move one."]
[WhiteTitle "FM"]
[WhiteElo "2196"]
[BlackElo "2117"]

1. c4 Nf6 2. g3 g6 3. Bg2 Bg7 4. Nc3 d6 5. d4 O-O 6. h3 e5 7. Nf3 Qe7 8. Bg5 c6 9. Qd2 exd4 10.
Nxd4 Nbd7 11. O-O Re8 12. Rad1 Nc5 13. e4 Bd7 14. Rfe1 Rad8 15. Qc1 Qf8 16. Nb3 Ne6 17. Be3 Nc5 18.
Nxc5 dxc5 19. f4 Be6 20. e5 Rxd1 21. Rxd1 Nd7 22. Ne4 f6 23. exf6 Bxf6 24. Nxf6+ Nxf6 25. g4 Qe7 26. Bf2 Rd8 27.
Re1 Qd6 28. b3 Bf7 29. f5 Qd2 30. Bh4 Qd4+ 31. Kh1 Re8 32. Rxe8+ Bxe8 33. Qe1 Bf7 34. Qe7 Ne8 35. Bg3 Qf6 36.
Qxb7 gxf5 37. Qxc6 Qa1+ 38. Kh2 fxg4 39. hxg4 Qxa2 40. Qxc5 Qxb3 41. Qg5+ Kf8 42. Bf2 Qb8+ 43. Kh3 Ng7 44. Bc5+ Kg8 45. Bd4 Qf8 46. c5 Be6 47.
c6 h5 48. Kh2 hxg4 49. c7 Qf7 50. c8=Q+ 1-0